 Dungeon Crawl Stone Soup version 0.26.1-11-gd32895ea62 (webtiles) character file.

Game seed: 9453685296169570790

282 Zeld the Sneak (level 6, -7/39 HPs)
             Began as an Octopode Brigand on May 15, 2021.
             Killed from afar by an orc wizard (12 damage)
             ... with a puff of frost
             ... on level 3 of the Dungeon.
             The game lasted 00:03:46 (4305 turns).

Zeld the Sneak (Octopode Brigand)                   Turns: 4305, Time: 00:03:47

Health: -7/39      AC:  1    Str: 12    XL:     6   Next: 28%
Magic:  10/10      EV: 13    Int: 13    God:
Gold:   182        SH:  0    Dex: 14    Spells: 11/11 levels left

rFire    . . .     SeeInvis .   a - +2 dagger
rCold    . . .     Faith    .   (no shield)
rNeg     . . .     Spirit   .   (helmet restricted)
rPois    .         Reflect  .   (no amulet)
rElec    .         Harm     .   (no ring)
rCorr    .         Rampage  .   (no ring)
Will     .....                  (no ring)
Stlth    ++++......             (no ring)
HPRegen  0.13/turn              (no ring)
MPRegen  0.12/turn              (no ring)
                                (no ring)
                                (no ring)

@: no status effects
A: almost no armour, stealthy swim, amphibious, 8 rings, constrict 8, camouflage
1, gelatinous body 1
a: no special abilities


You were on level 3 of the Dungeon.
You visited 1 branch of the dungeon, and saw 3 of its levels.

You collected 182 gold pieces.

Inventory:

Hand Weapons
 a - a +2 dagger (weapon)
Missiles
 b - 26 poisoned darts (quivered)
 c - 2 curare-tipped darts
Jewellery
 q - an uncursed amulet of faith {unknown}
 t - an uncursed amulet of guardian spirit {unknown}
Wands
 n - a wand of flame (20)
Scrolls
 d - 3 scrolls of remove curse {unknown}
 e - a scroll of blinking {unknown}
 g - 6 scrolls of identify {unknown}
 i - a scroll of fear {unknown}
 j - a scroll of amnesia {unknown}
 o - a scroll of enchant weapon {unknown}
 s - 2 scrolls of immolation {unknown}
Potions
 f - 2 potions of flight {unknown}
 h - a potion of invisibility {unknown}
 k - a potion of magic {unknown}
 l - 2 potions of degeneration {unknown}
 m - a potion of curing {unknown}
 p - a potion of attraction {unknown}
 r - 2 potions of ambrosia {unknown}


   Skills:
 - Level 2.0 Fighting
 - Level 2.0 Short Blades
 * Level 5.3 Throwing
 - Level 1.0 Dodging
 - Level 5.3 Stealth
 + Level 3.0 Spellcasting


You had 11 spell levels left.
You didn't know any spells.
Your spell library was empty.

Dungeon Overview and Level Annotations

Branches:
Dungeon (3/15)

Altars:
Hepliaklqana
Vehumet
Xom

Annotations:
D:3 3 runed translucent doors, Tirrikindir's ghost, amateur OpFi


Innate Abilities, Weirdness & Mutations

You cannot wear most types of armour.
You are very stealthy in the water. (Stealth+)
You are amphibious.
You can wear up to eight rings at the same time.
You can use your tentacles to constrict eight enemies at once.
Your skin changes colour to match your surroundings (Stealth+).
Your rubbery body absorbs attacks. (AC +1, EV +1)


Message History

The orc wizard flickers and vanishes!
Deactivating autopickup; reactivate with Ctrl-A.
Things that are here:
a +0 dagger; a +0 robe; an orc corpse You see here a +0 mace.
The kobold closely misses you.
An orc wizard appears from thin air!
Reactivating autopickup.
You see here a +0 club.
Things that are here:
a stone; a cursed -3 dagger
Things that are here:
19 stones; a +0 dagger; a +0 hunting sling You see here a stone.
The orc wizard casts a spell at you. The puff of flame hits you!
* * * LOW HITPOINT WARNING * * *
The orc wizard casts a spell at you. The puff of frost hits you!
You die...

######## ##.# #.# #.# #.# #.#
#.# #.# ####.##### #.#
#......... #.###### #.##.#####
#......## #.##.#
#####)<.#####.##.#
###)(@#....##.##.#
#.(K....##.##.##.##
#####..)...###.##.##..###
#######.)o(o>.....##.##.....#.##
.......o###.......##.######..#.#
#######.# #.....####.######.###.
#o# ###.###_##.......#...# #.#
#.##.##########.###. #o#
#.#.#.#.# #)# #.


You could see an orc wizard (fast), an orc and a kobold.

Vanquished Creatures
  An orc wizard (D:3)
  2 orc priests (D:3)
  Robin (D:2)
  A gnoll (D:1)
  5 adders
  4 oozes
  A worm (D:2)
  2 dart slugs
  5 leopard geckos
  3 orcs
  3 ball pythons
  7 giant cockroaches
  11 goblins
  9 hobgoblins
  10 jackals
  11 kobolds
  3 quokkas
  6 bats
  3 frilled lizards
  6 rats
94 creatures vanquished.

Vanquished Creatures (others)
  A goblin (D:3)
1 creature vanquished.

Grand Total: 95 creatures vanquished

Notes
Turn   | Place    | Note
-------+----------+-------------------------------------------
     0 | D:1      | Zeld the Octopode Brigand began the quest for the Orb.
     0 | D:1      | Reached XP level 1. HP: 14/14 MP: 1/1
   313 | D:1      | Reached XP level 2. HP: 19/19 MP: 1/3
   345 | D:1      | Reached skill level 1 in Spellcasting
   357 | D:1      | Reached XP level 3. HP: 17/24 MP: 4/4
  1133 | D:2      | Reached XP level 4. HP: 29/29 MP: 6/6
  1794 | D:2      | Found a hazy altar of Hepliaklqana.
  1795 | D:2      | Found a shimmering altar of Xom.
  1796 | D:2      | Noticed a spectral ugly thing
  2164 | D:3      | Reached XP level 5. HP: 34/34 MP: 8/8
  2616 | D:3      | Noticed Robin
  3070 | D:2      | Killed Robin
  3485 | D:3      | Found a radiant altar of Vehumet.
  3911 | D:3      | Reached skill level 5 in Throwing
  3911 | D:3      | Reached XP level 6. HP: 31/39 MP: 8/10
  4119 | D:3      | Found a runed translucent gate.
  4119 | D:3      | Found a runed translucent gate.
  4119 | D:3      | Found a runed translucent gate.
  4121 | D:3      | Noticed Tirrikindir's ghost (amateur OpFi)
  4305 | D:3      | Killed from afar by an orc wizard

Illustrated notes

Levels and vault maps discovered:
D:1:      erik_arrival_orb_chamber, layout_loops_ring
D:2:      layout_basic, regret_index_temple_of_mockery,
          minmay_misc_feat_four_crosses, mrwooster_statue_mirror,
          corexii_hall_statues_u
D:3:      minmay_inner_zag, layout_loops_ring, marbit_many_paths,
          gammafunk_ghost_nasty_kobolds, serial_park_tiny_2, uniq_robin

Skill      XL: |  1  2  3  4  5  6 |
---------------+-------------------+-----
Spellcasting   | 1 2 3 |  3.0
Throwing       | 3 4 5 |  5.3
Fighting       | |  2.0
Short Blades   | |  2.0
Dodging        | |  1.0
Stealth        | |  5.3

Action                   |  1- 3 |  4- 6 || total
-------------------------+-------+-------++-------
Melee: Dagger            |    44 |   141 ||   185
       Constrict         |    10 |    38 ||    48
       Tentacles         |     8 |    26 ||    34
 Stab: Sleeping          |    12 |    22 ||    34
Armor: Skin              |     1 |     6 ||     7
Dodge: Dodged            |    17 |    82 ||    99
